 Dungeon Crawl Stone Soup version 0.22.1-2-g9c5b331 (webtiles) character file.

169 Fang the Chopper (level 5, -10/49 HPs)
             Began as a Gargoyle Berserker on Dec 12, 2018.
             Was a Priest of Trog.
             Mangled by an ogre
             ... wielding a +0 giant club
              (13 damage)
             ... on level 4 of the Dungeon on Dec 13, 2018.
             The game lasted 00:04:15 (2313 turns).

Fang the Chopper (Gargoyle Berserker)               Turns: 2313, Time: 00:04:15

Health: -10/49     AC: 14    Str: 29    XL:     5   Next: 50%
Magic:  5/5        EV:  9    Int:  7    God:    Trog [***...]
Gold:   161        SH:  0    Dex:  9    Spells: 4/4 levels left

rFire    . . .     SeeInvis +   a - +0 hand axe
rCold    . . .     Gourm    .   (no shield)
rNeg     + . .     Faith    .   k - +0 chain mail
rPois    ∞         Spirit   .   p - +0 helmet "Evoip" {MR+ SInv}
rElec    +         Reflect  .   (no cloak)
rCorr    .         Harm     .   (no gloves)
MR       +....                  (no boots)
Stlth    ..........             (no amulet)
HPRegen  0.16/turn              j - +2 ring of strength
MPRegen  0.09/turn              (no ring)

@: berserking, very quick
A: negative energy resistance 1, electricity resistance, unbreathing,
petrification resistance, rot immunity, AC +4
a: Berserk, Trog's Hand, Renounce Religion


You were on level 4 of the Dungeon.
You worshipped Trog.
Trog was most pleased with you.
You were not hungry.

You visited 1 branch of the dungeon, and saw 4 of its levels.

You collected 161 gold pieces.

Inventory:

Hand Weapons
 a - a +0 hand axe (weapon)
Armour
 k - a +0 chain mail (worn)
 p - the +0 helmet "Evoip" (worn) {MR+ SInv}
   (You took it off Robin on level 3 of the Dungeon)

   It affects your resistance to hostile enchantments.
   It lets you see invisible.
Jewellery
 j - a +2 ring of strength (left hand)
 m - an uncursed ring of stealth {unknown}
Scrolls
 d - a scroll of random uselessness {unknown}
 f - a scroll of enchant weapon {unknown}
 g - 3 scrolls of identify {unknown}
 h - 3 scrolls of blinking {unknown}
 l - a scroll of remove curse {unknown}
 r - a scroll of teleportation {unknown}
Potions
 b - a potion of resistance {unknown}
 e - a potion of brilliance {unknown}
 i - a potion of flight {unknown}
 n - 2 potions of lignification {unknown}
 o - a potion of cancellation {unknown}
 s - a potion of invisibility {unknown}
Comestibles
 c - 8 rations


   Skills:
 + Level 4.2 Fighting
 + Level 4.3 Axes
 + Level 2.8 Armour
 + Level 2.2 Dodging


You had 4 spell levels left.
You didn't know any spells.
Your spell library was empty.

Dungeon Overview and Level Annotations

Branches:
Dungeon (4/15)
 Temple: D:4-7

Altars:
Fedhas
Xom
Zin


Innate Abilities, Weirdness & Mutations

You are resistant to torment.
Your stone body is resilient. (AC +4)
You are immune to poison.
You resist negative energy. (rN+)
You are resistant to electric shocks. (rElec)
You can survive without breathing.
You are immune to petrification.
You are immune to rotting.


Message History

You are too injured to fight recklessly!
You are too injured to fight recklessly!
You are too injured to fight recklessly!
You are too injured to fight recklessly!
You are too injured to fight recklessly!
You are too injured to fight recklessly!
You are too injured to fight recklessly!
A red film seems to cover your vision as you go berserk!
You feel yourself moving faster!
You feel mighty!
You feel quite a bit more hungry. The ogre closely misses you.
You closely miss the ogre.
The ogre is almost dead.
The ogre closely misses you.
You barely miss the ogre.
The ogre is almost dead.
Unknown command.
You closely miss the ogre.
The ogre is almost dead.
The ogre hits you with a giant club!
You die...

..# .... ##
...#########...
........>......
####............
#...........#
#....<...#
#..O@....#
#.?......#
#........#
#........#
#........#
#........#
##########


You could see an ogre.

Vanquished Creatures
  Robin (D:3)
  4 adders
  4 gnolls (D:2)
  2 oozes
  A worm (D:2)
  A dart slug (D:1)
  4 leopard geckos
  An orc (D:3)
  A giant cockroach (D:2)
  19 goblins
  9 hobgoblins
  5 kobolds
  A ball python (D:2)
  7 bats
  A frilled lizard (D:2)
  5 rats
66 creatures vanquished.

Notes
Turn   | Place    | Note
-------+----------+-------------------------------------------
     0 | D:1      | Fang the Gargoyle Berserker began the quest for the Orb.
     0 | D:1      | Reached XP level 1. HP: 14/14 MP: 1/1
    40 | D:1      | Reached XP level 2. HP: 14/19 MP: 2/2
   343 | D:1      | Reached XP level 3. HP: 24/24 MP: 3/3
   545 | D:2      | Reached ** piety under Trog
   749 | D:2      | Reached XP level 4. HP: 19/29 MP: 4/4
  1138 | D:2      | Found a shimmering altar of Xom.
  1321 | D:2      | Found a glowing silver altar of Zin.
  1436 | D:2      | Found a blossoming altar of Fedhas.
  1481 | D:2      | Reached XP level 5. HP: 33/33 MP: 5/5
  1887 | D:3      | Noticed Robin
  1908 | D:3      | Killed Robin
  1968 | D:3      | Got a distressingly furry helmet
  1974 | D:3      | Identified the +0 helmet "Evoip" {MR+ SInv} (You took it
                  | off Robin on level 3 of the Dungeon)
  2068 | D:3      | Reached *** piety under Trog
  2299 | D:4      | Noticed an ogre
  2313 | D:4      | Mangled by an ogre

Skill      XL: |  1  2  3  4 |
---------------+-------------+-----
Axes           | 3 4 |  4.3
Fighting       | 4 |  4.2
Dodging        | 2 |  2.2
Armour         | |  2.8

Action                   |  1- 3 |  4- 6 || total
-------------------------+-------+-------++-------
Melee: Hand axe          |   106 |   137 ||   243
Invok: Berserk           |     1 |     1 ||     2
  Eat: Chunk             |       |     6 ||     6
Armor: Animal skin       |    19 |       ||    19
       Chain mail        |    39 |    81 ||   120
Dodge: Dodged            |    78 |    70 ||   148
